[Event "Late-Titled-Tuesday-Blitz-March-12-2024"]
[Site "Chess.com"]
[Date "2024.03.12"]
[Round "6"]
[White "Yushko_Olga"]
[Black "ArturoCaceres"]
[Result "0-1"]
[WhiteElo "2191"]
[BlackElo "2451"]
[TimeControl "180+1"]
[EndTime "15:06:49 PDT"]
[Termination "ArturoCaceres won on time"]

1. d4 e5 2. dxe5 d6 3. exd6 Bxd6 4. Nf3 Nf6 5. Bg5 h6 6. Bh4 Nc6 7. e3 Bf5 8. Bd3 Qd7 9. O-O g5 10. Bg3 h5 11. Bxd6 Bxd3 12. Qxd3 cxd6 13. Nxg5 O-O-O 14. Nc3 Ne5 15. Qd4 Kb8 16. Rad1 h4 17. f4 Neg4 18. h3 Qf5 19. hxg4 Qxg4 20. Qxf6 h3 21. Nxh3 Rdg8 22.
Ng5 Qg3 23. Qxd6+ Ka8 24. Rf3 Qh2+ 25. Kf2 Qh4+ 26. Ke2 Qg4 27. Kf2 Qh4+ 28. Rg3 a6 29. Nd5 Rd8 30. Nc7+ Ka7 31. Qc5+ b6 32. Qa3 Rxd1 33.
Qxa6+ Kb8 34. Nb5 Rd2+ 35. Kf3 Qh5+ 36. Rg4 Rd7 37. Qxb6+ Rb7 38. Qd6+ Kc8 39. Qc6+ Kb8 40. Qd6+ Kc8 41. Nd4 Rd8 42. Qc5+ Kb8 43. Nc6+ Kc7 44.
Nxd8+ Kxd8 45. Qd5+ Rd7 46. Qa8+ Ke7 47. Qa3+ Kd8 48.
Qc3 Qg6 49. Qe5 Qc6+ 50. Kg3 Qxc2 51. Qf6+ Kc7 52. Nf3 Qd1 53. Rg7 Qd5 54. Nd4 Qe4 0-1

[Event "Late-Titled-Tuesday-Blitz-March-12-2024"]
[Site "Chess.com"]
[Date "2024.03.12"]
[Round "6"]
[White "YegoryoCh"]
[Black "Roedor"]
[Result "1-0"]
[WhiteElo "2496"]
[BlackElo "2274"]
[TimeControl "180+1"]
[EndTime "15:06:50 PDT"]
[Termination "YegoryoCh won by resignation"]

1. g4 h5 2. gxh5 Nf6 3. d3 d5 4.
Bg2 Nc6 5. Nc3 Bg4 6. Bg5 e6 7. Qd2 Bxh5 8. O-O-O Bb4 9. a3 Ba5 10. b4 Bb6 11. Nf3 Qe7 12. e4 d4 13. Ne2 Bxf3 14. Bxf3 a5 15. e5 axb4 16. Bxc6+ bxc6 17. exf6 gxf6 18. Bf4 e5 19. Bg3 bxa3 20. Kb1 Ba5 21. c3 dxc3 22. Qc2 Qb4+ 23. Ka1 Qb2+ 24. Qxb2 axb2+ 25. Kb1 Bb4 26. Kc2 Ke7 27. Nxc3 Bxc3 28. Kxc3 Rhb8 29. Rb1 Ra3+ 30.
Kc2 Ra2 31. h4 Kf8 32. f4 Rb5 33. Rhe1 Rc5+ 34. Kb3 Ra6 35. Rxb2 Rd5 36. Kc2 Ra3 37. Re3 exf4 38. Bxf4 Ra4 39. Bh6+ Kg8 40. Re4 Rxe4 41. dxe4 Rh5 42. Be3 Rxh4 43. Kd3 Rh5 44. Rf2 Kg7 45.
Bd4 Rh6 46. Rf5 Rg6 47. Kc4 Kf8 48. Bxf6 Ke8 49. Kc5 Kd7 50. Bg5 Ke6 51. Bf4 f6 52. Kxc6 Rg2 53. Rc5 Re2 54. Rc4 f5 55. e5 Re4 56.
Kc5 c6 57. Rxe4 fxe4 58. Kd4 Kf5 59. Bd2 c5+ 60. Kd5 c4 61. e6 e3 62. Bxe3 c3 63. e7 1-0

[Event "Late-Titled-Tuesday-Blitz-March-12-2024"]
[Site "Chess.com"]
[Date "2024.03.12"]
[Round "6"]
[White "Vladimir_Zakhartsov"]
[Black "BogdanDeac"]
[Result "0-1"]
[WhiteElo "2934"]
[BlackElo "3075"]
[TimeControl "180+1"]
[EndTime "15:07:04 PDT"]
[Termination "BogdanDeac won by resignation"]

1. d4 Nf6 2. c4 e6 3. Nf3 d5 4.
g3 dxc4 5. Bg2 Bd7 6. Ne5 Bc6 7. Nxc6 Nxc6 8. O-O Qd7 9. e3 Rd8 10. Qa4 Nb4 11.
Qxd7+ Nxd7 12. Nd2 b5 13. a4 a6 14. axb5 axb5 15.
Ra7 c5 16. Rb7 cxd4 17. exd4 Rb8 18. Ra7 Nb6 19. Ne4 Nc8 20. Ra5 Be7 21. Bf4 Rb6 22. Nc3 O-O 23. Bc7 Ra6 24. Rxb5 Ra7 25. Ba5 Nd3 26.
Bb6 Rd7 27. Bc5 Nd6 28. Rb6 Nf5 29. Bxe7 Nxe7 30. Ne2 Nf5 31. d5 exd5 32. Rd1 Ne7 33. Nd4 Rfd8 34. b3 Nc5 35. b4 Na4 36. Ra6 Nc3 37.
Rc1 Ne4 38. Bxe4 dxe4 39. Nb5 g6 40. Rxc4 f5 41. Rc7 Rxc7 42. Nxc7 Rb8 43. b5 Rb7 44. b6 Kf7 45. Nb5 Ke6 46. Nc3 Nc8 47. Na4 Kd6 48. Ra8 Nxb6 49. Nxb6 Rxb6 50. Re8 Rb7 51. h4 Re7 52. Rg8 Ke6 53. Kg2 Kf6 54. Ra8 Kg7 55. Ra6 Kh6 56. Kf1 Rb7 57. Kg2 Rb3 58.
Ra5 Rb2 59. Re5 Kh5 60. Re7 h6 61. Re6 g5 62. hxg5 hxg5 63. Re5 Kg4 64. Kf1 Ra2 65.
Kg1 Rb2 66. Kf1 f4 67. gxf4 Kf3 68. Kg1 gxf4 69. Rf5 Rb1+ 70. Kh2 Rf1 71. Kh3 Rxf2 0-1

[Event "Late-Titled-Tuesday-Blitz-March-12-2024"]
[Site "Chess.com"]
[Date "2024.03.12"]
[Round "6"]
[White "guillembaches"]
[Black "1g60-1"]
[Result "1-0"]
[WhiteElo "2549"]
[BlackElo "2317"]
[TimeControl "180+1"]
[EndTime "15:07:04 PDT"]
[Termination "guillembaches won by resignation"]

1. Nf3 d5 2. d4 c6 3. Bg5 Nd7 4. Nbd2 Ngf6 5. e3 e6 6. Bd3 Be7 7. O-O b6 8. c3 Bb7 9. a3 h6 10. Bh4 O-O 11. Qb1 c5 12. Ne5 Nxe5 13. dxe5 Nd7 14.
Bxe7 Qxe7 15. f4 f6 16. exf6 Qxf6 17. Bb5 Rad8 18. Nf3 Nb8 19. Qe1 a6 20. Ba4 b5 21.
Bc2 Nd7 22. Qg3 d4 23. exd4 Bxf3 24. Qxf3 cxd4 25. Qe4 g6 26. cxd4 Nb6 27. Rad1 Kg7 28. Bb3 Nd5 29. g3 Qf5 30. Qxf5 Rxf5 31. Rfe1 Rf6 32. Re5 a5 33. Rc1 Rd7 34. Rc5 g5 35. fxg5 hxg5 36. Bxd5 exd5 37. Rxg5+ Kf8 38. Rgxd5 Rdf7 39.
Rc2 b4 40. axb4 axb4 41. Rb5 Rf1+ 42. Kg2 Rd1 43. Rxb4 Rff1 44. Rf2+ Rxf2+ 45. Kxf2 Rd2+ 46. Kf3 Rxh2 47. Rb3 Ke7 48. Ke4 Kd6 49. Rb6+ Kd7 50. Rg6 Rxb2 51. Kd5 Rb5+ 52. Ke4 Rb1 53. g4 Re1+ 54.
Kd5 Rd1 55. Rg7+ Ke8 56. g5 Kf8 57. Rg6 Kf7 58. Ra6 Rg1 59. g6+ Kg7 60. Ke4 Re1+ 61. Kd3 Rd1+ 62. Kc4 Rc1+ 63. Kd5 Rd1 64. Re6 Rd2 65.
Ke5 Re2+ 66. Kd6 Rd2 67. d5 Kg8 68. Kc6 Kg7 69. d6 Rc2+ 70. Kd7 Rd2 71. Ke7 Ra2 72. d7 Rf2 73. d8=Q 1-0

[Event "Late-Titled-Tuesday-Blitz-March-12-2024"]
[Site "Chess.com"]
[Date "2024.03.12"]
[Round "6"]
[White "Alex_Banzea"]
[Black "MatthewG-p4p"]
[Result "0-1"]
[WhiteElo "2659"]
[BlackElo "2913"]
[TimeControl "180+1"]
[EndTime "15:07:06 PDT"]
[Termination "MatthewG-p4p won on time"]

1. d4 d5 2. Nc3 Nf6 3. Bf4 c5 4. e3 Bg4 5. f3 Bd7 6. dxc5 Nc6 7.
Nxd5 e5 8. Bg5 Qa5+ 9. c3 Nxd5 10. Qxd5 f6 11. Bh4 Bxc5 12. Bf2 O-O-O 13. Qb3 Nb4 14. a4 Bc6 15. Bc4 Nd3+ 16. Bxd3 Rxd3 17. Qc4 Rxe3+ 18.
Bxe3 Bxe3 19. b4 Qd5 20. Qxd5 Bxd5 21. Ke2 Bh6 22. Nh3 Bc4+ 23. Kf2 Kc7 24. Rhd1 Kc6 25. Ng1 Bb3 26. Rdb1 Bc2 27. Rb2 Bf5 28. g4 Be6 29. Ne2 Rd8 30. Ng3 Rd3 31. Ne4 Bd5 32. Ke2 Bc4 33. Kf2 Bf4 34. Raa2 Bxa2 35. Rxa2 g6 36. Ke2 Re3+ 37. Kf2 f5 38. gxf5 gxf5 39. Ng3 Rxc3 40. Nxf5 Rb3 41. b5+ Kd5 42. h3 Ke6 43. Ng3 Be3+ 44. Kg2 Bf4 45. Ne4 Kd5 46. Rc2 Ra3 47.
Rc5+ Kd4 48. Rc7 Ra2+ 49. Kf1 Ke3 50. Rc3+ Kd4 51. Rc7 b6 52. Rc3 Rxa4 53. Rb3 Kc4 54. Rc3+ Kxb5 55. Rc7 Ra2 56. Nc3+ Ka6 57. Nxa2 b5 58.
Nb4+ Kb6 59. Nd5+ Ka5 60. Nxf4 exf4 61. Rf7 b4 62. Rxf4 b3 63. Ke2 b2 64. Rf5+ Ka6 65.
Rf6+ Kb7 66. Rf7+ Kb6 67. Rf8 Kc7 68. Rf7+ Kc6 69. Rf6+ Kc5 70. Rf5+ Kc4 71. Rf4+ Kc3 72. Rf8 b1=Q 0-1

[Event "Late-Titled-Tuesday-Blitz-March-12-2024"]
[Site "Chess.com"]
[Date "2024.03.12"]
[Round "6"]
[White "APOKALIPSA13"]
[Black "wild3000"]
[Result "0-1"]
[WhiteElo "2196"]
[BlackElo "2398"]
[TimeControl "180+1"]
[EndTime "15:07:06 PDT"]
[Termination "wild3000 won by checkmate"]

1. d4 g6 2. h4 h6 3. h5 g5 4. e4 Bg7 5. c3 b6 6. f4 Bb7 7. Bd3 Nf6 8. e5 Bxg2 9. exf6 Bxf6 10. Rh2 Bb7 11. fxg5 hxg5 12. Qg4 e6 13. Nf3 Bxf3 14. Qxf3 d5 15. h6 Nd7 16. Bb5 Qe7 17.
Bc6 O-O-O 18. b3 e5 19. Ba3 Qe6 20. Bxd5 e4 21. Bxe6 exf3 22. Bg4 Kb8 23. Kf2 c5 24. dxc5 Be5 25. Rh5 Nf6 26. Bxf3 Nxh5 27. Bxh5 Rxh6 28.
Bf3 f5 29. cxb6 axb6 30. Be7 Rh2+ 31. Bg2 Rg8 32. Nd2 g4 33. Nc4 Bxc3 34. Bd6+ Ka7 35. Rd1 Rxg2+ 36. Kxg2 Kb7 37. Bf4 Kc6 38. Rd3 Bb4 39.
Ne5+ Kb7 40. Rd7+ Ka6 41. Nd3 Bc5 42. Nxc5+ bxc5 43. Rd5 Rc8 44. Rxf5 c4 45. bxc4 Rxc4 46. Kg3 Ra4 47. Rf6+ Kb7 48. Rb6+ Kxb6 49. Kxg4 Rxa2 50. Kf5 Kc6 51. Be5 Ra4 52. Bg7 Kd5 53. Bh8 Ra8 54. Bg7 Re8 55. Bh6 Re7 56. Bg5 Rd7 57. Bf6 Rf7 58. Kg6 Ke6 59. Bd4 Rf4 60. Be3 Rg4+ 61. Bg5 Rg2 62. Kh5 Kf5 63. Bh4 Rh2 64. Kh6 Rxh4+ 65. Kg7 Re4 66. Kf8 Kf6 67. Kg8 Re7 68. Kh8 Kg6 69. Kg8 Re8# 0-1

[Event "Late-Titled-Tuesday-Blitz-March-12-2024"]
[Site "Chess.com"]
[Date "2024.03.12"]
[Round "6"]
[White "Blitzstream"]
[Black "sergoy"]
[Result "1/2-1/2"]
[WhiteElo "2738"]
[BlackElo "3009"]
[TimeControl "180+1"]
[EndTime "15:07:07 PDT"]
[Termination "Game drawn - insufficient material"]

1. e4 c6 2. c4 e5 3. Nc3 Nf6 4. Nf3 d6 5. d4 Nbd7 6. Bg5 Be7 7. Qd2 O-O 8. O-O-O a6 9. Nh4 g6 10. f4 exf4 11. Qxf4 Nh5 12. Bxe7 Qxe7 13. Qf2 b5 14.
Re1 Rb8 15. g4 Qg5+ 16. Kb1 Qxg4 17. Nf5 Qf4 18. Qxf4 Nxf4 19. Nxd6 c5 20. dxc5 Nxc5 21. cxb5 axb5 22. Ncxb5 Bd7 23. Nc3 Rfd8 24. e5 Be6 25. Rd1 Rb6 26. Bb5 Ra8 27. Rhf1 g5 28. h4 h6 29. hxg5 hxg5 30. Rg1 Nh3 31. Rg3 g4 32. Bc4 Rab8 33. b3 Nf2 34. Rf1 Nfe4 35. Ncxe4 Nxe4 36. Nxe4 Bxc4 37. Rxg4+ Kf8 38. Rf2 Bd5 39. Nf6 Be6 40. Rg8+ Ke7 41. Rxb8 Rxb8 42. Kb2 Rb5 43. Re2 Bf5 44.
Re3 Ke6 45. a4 Rxe5 46. Rxe5+ Kxe5 47. Nh5 Bg4 48. Ng3 Kf4 49. Nh1 Kf3 50. b4 Kg2 51. b5 Kxh1 52. Kc3 f5 53. a5 Be2 54. Kb4 f4 55. a6 f3 56. a7 f2 57. a8=Q+ Kg1 58. Qf8 f1=Q 59. Qxf1+ Kxf1 60. b6 Bf3 61. Kc5 Be4 62. Kd6 Bf3 63. Kc7 Be4 64. Kb8 Bf3 65. Ka7 Be4 66. Ka6 Bf3 67. Kb5 Be4 68. Kc4 Bf3 69.
Kd4 Bg2 70. Ke3 Bh1 71. Kf4 Ke2 72. Kg3 Kd3 73. Kf4 Bb7 74. Ke5 Kc4 75. Kd6 Kb5 76.
Kc7 Ka6 77. Kb8 Bc6 78. Kc7 Bb7 79. Kb8 Bh1 80. Kc7 Bg2 81. b7 Bxb7 1/2-1/2

[Event "Late-Titled-Tuesday-Blitz-March-12-2024"]
[Site "Chess.com"]
[Date "2024.03.12"]
[Round "6"]
[White "Machidon"]
[Black "Mikasinski"]
[Result "1/2-1/2"]
[WhiteElo "2509"]
[BlackElo "2667"]
[TimeControl "180+1"]
[EndTime "15:07:07 PDT"]
[Termination "Game drawn by repetition"]

1. d4 Nf6 2. c4 e6 3. Nf3 Bb4+ 4. Nbd2 d5 5. e3 O-O 6. a3 Bxd2+ 7. Qxd2 c5 8. dxc5 a5 9. cxd5 exd5 10. Bd3 Nc6 11. O-O Bg4 12. Nd4 Ne5 13. b3 Rc8 14. b4 b6 15. Bb2 axb4 16. axb4 bxc5 17. bxc5 Rxc5 18.
Ba3 Rc8 19. Bxf8 Qxf8 20. Rfc1 h5 21. Bf5 Rxc1+ 22. Rxc1 Bxf5 23. Nxf5 Nc4 24. Qd4 Qa3 25. Qc3 Qf8 26. h3 Kh7 27. Qd3 g6 28. Nd4 Qd6 29.
Ne2 Qe5 30. Qd4 Qf5 31. Nf4 Nd6 32. Rc6 Nde8 33. Rc5 g5 34. Qd3 Qxd3 35. Nxd3 Kg6 36. Nb4 Nd6 37. Nxd5 Nde4 38. Rc6 Kf5 39. Nxf6 Nxf6 40.
f3 Kg6 41. g4 h4 42. Kf2 Kg7 43. f4 Ne4+ 44. Kf3 Nd2+ 45. Ke2 Ne4 46. Kd3 Nf2+ 47. Kd4 Nxh3 48. Ke5 gxf4 49. exf4 Nf2 50. Kf5 h3 51. g5 h2 52. Rh6 h1=Q 53. Rxh1 Nxh1 54. Kg4 Nf2+ 55. Kh5 Ne4 56. f5 Ng3+ 57. Kg4 Ne4 58. Kh5 Nd6 59. Kg4 Kf8 60. Kf4 Ke7 61. Ke5 Nc4+ 62. Kd5 Ne3+ 63. Ke5 Ng4+ 64. Kf4 Nf2 65.
Ke5 Nh3 66. f6+ Kd7 67. Kf5 Nxg5 68. Kxg5 Ke6 69. Kg4 Ke5 70. Kg5 Ke6 71. Kg4 Kxf6 72. Kf4 Ke6 73. Ke4 Ke7 74. Ke5 Kf8 75. Kf6 Kg8 76. Kf5 Kg7 77. Kg5 f6+ 78. Kf5 Kf7 79. Kf4 Ke6 80. Ke4 Ke7 81. Kf4 Kf7 82. Kg4 Kg7 83.
Kf4 Kg6 84. Kg4 f5+ 85. Kf4 Kf6 86. Kf3 Ke5 87. Ke3 Ke6 88. Kf4 Kf6 89. Kf3 Kg5 90. Kg3 f4+ 91. Kf3 Kf5 92. Kf2 Ke5 93. Kf3 Kf5 94. Kf2 Ke4 95. Ke2 Ke5 96. Kf3 Kf5 1/2-1/2

[Event "Late-Titled-Tuesday-Blitz-March-12-2024"]
[Site "Chess.com"]
[Date "2024.03.12"]
[Round "6"]
[White "xasid81"]
[Black "Witik"]
[Result "0-1"]
[WhiteElo "2570"]
[BlackElo "2737"]
[TimeControl "180+1"]
[EndTime "15:07:11 PDT"]
[Termination "Witik won by resignation"]

1. d4 Nf6 2. Nf3 e6 3. c3 d5 4. g3 c5 5. Bg2 Nc6 6. O-O Be7 7.
Bg5 cxd4 8. cxd4 h6 9. Bf4 O-O 10. Nc3 b6 11. Ne5 Bb7 12. Qa4 Nxe5 13. Bxe5 a6 14.
Rac1 b5 15. Qb3 Rc8 16. a4 b4 17. Bxf6 gxf6 18. Na2 Qb6 19. e3 a5 20. Rxc8 Rxc8 21. Rc1 Rc6 22. Bf1 Qc7 23. Qd1 f5 24. Bb5 Rc4 25. b3 Rxc1 26. Nxc1 Qc3 27. Nd3 Kg7 28. h4 Bd6 29. Kg2 Bc8 30. Nf4 Bxf4 31. gxf4 Qc7 32. Qh5 Bd7 33. Bxd7 Qxd7 34. Qe2 Qc6 35. Qd1 Qc3 36.
Kg3 Kf8 37. Kg2 Ke7 38. Kg3 Kd6 39. Kg2 f6 40. Kg3 e5 41. fxe5+ fxe5 42. dxe5+ Kxe5 43. Kg2 d4 44. exd4+ Qxd4 45. Qe2+ Qe4+ 46. Kf1 Kf4 47.
Qd2+ Kf3 48. Qd1+ Kf4 49. Qd6+ Kg4 50. Qxh6 Qh1+ 51. Ke2 Qf3+ 52. Ke1 Qxb3 53. Qg5+ Kh3 54. Qxf5+ Kxh4 55. Qf6+ Kg4 56. Qg6+ Kf4 57. Qh6+ Ke4 58. Qg6+ Kd4 59. Qf6+ Kd3 60. Qf3+ Kc2 61. Qd1+ Kb2 62. Qd2+ Ka3 63. Qc1+ Kxa4 64. Qc5 Qb1+ 65. Kd2 Qb2+ 66. Kd1 Qa1+ 67. Kc2 Qa2+ 68. Kc1 Qa3+ 69. Kb1 Qd3+ 70. Ka1 Kb3 71. Qc1 Qc3+ 72. Qxc3+ Kxc3 73. Kb1 a4 74. f4 Kd4 75. Kc2 Ke4 0-1

[Event "Late-Titled-Tuesday-Blitz-March-12-2024"]
[Site "Chess.com"]
[Date "2024.03.12"]
[Round "6"]
[White "TimGrutter03"]
[Black "Flaccidmoves"]
[Result "1/2-1/2"]
[WhiteElo "2578"]
[BlackElo "2419"]
[TimeControl "180+1"]
[EndTime "15:07:11 PDT"]
[Termination "Game drawn - insufficient material"]

1. e4 d5 2. exd5 Nf6 3. Nf3 Qxd5 4. Nc3 Qd8 5. d4 Bg4 6. Bc4 e6 7. Be3 c6 8. h3 Bxf3 9. Qxf3 Bb4 10. O-O O-O 11.
Rfd1 Nbd7 12. Bg5 Qa5 13. Bh4 Bxc3 14. bxc3 Nd5 15. Rd3 b5 16. Bb3 N7b6 17. Qg4 Nc4 18. Re1 Rae8 19. Rg3 g6 20. Bg5 f5 21. Qh4 Qc7 22. Bh6 Rf7 23. Rd3 Qd8 24. Bg5 Qd6 25.
a4 a5 26. Rf3 Ncb6 27. Ra1 Nxa4 28. Bxa4 bxa4 29. Rxa4 Qc7 30. c4 Nb6 31. Rxa5 Nxc4 32. Ra1 Rd7 33. Rc3 Nb6 34. Bf4 Qb7 35. Be5 Nd5 36.
Rca3 Rf7 37. c4 Nb4 38. Rb3 Qe7 39. Qg3 Nc2 40. Rc1 Nxd4 41. Bxd4 e5 42. Bb6 f4 43. Qf3 e4 44. Qd1 Qd7 45. Qxd7 Rxd7 46. Bc5 Rd2 47. Re1 Kf7 48. Bb4 Rc2 49. c5 Kf6 50.
Ba3 Kf5 51. Rb4 Re5 52. Bb2 Re6 53. Ba1 Rxc5 54. Bd4 Rc2 55. Rb7 c5 56. Ba1 c4 57.
Rxh7 c3 58. Rf7+ Kg5 59. h4+ Kxh4 60. Rxf4+ Kg5 61. Rfxe4 Rxe4 62. Rxe4 Rc1+ 63. Kh2 Rxa1 64. Rc4 Rc1 65. Kg3 c2 66. Rc5+ Kf6 67. f3 g5 68.
Rc6+ Kf5 69. Rc5+ Kg6 70. Kg4 Kf6 71. Rc6+ Ke5 72. Kxg5 Kd4 73. g4 Kd3 74. Rd6+ Ke3 75. f4 Rf1 76. Rc6 c1=Q 77. Rxc1 Rxc1 78. f5 Kf3 79. f6 Rc4 80. f7 Rxg4+ 81. Kf6 Rf4+ 82. Kg7 Rxf7+ 83. Kxf7 1/2-1/2

[Event "Late-Titled-Tuesday-Blitz-March-12-2024"]
[Site "Chess.com"]
[Date "2024.03.12"]
[Round "6"]
[White "The_Straightforward_Rook"]
[Black "GoValya"]
[Result "1-0"]
[WhiteElo "2463"]
[BlackElo "2265"]
[TimeControl "180+1"]
[EndTime "15:07:13 PDT"]
[Termination "The_Straightforward_Rook won by resignation"]

1. c4 Nf6 2. Nc3 c5 3. e4 Nc6 4. g3 d6 5. Bg2 g6 6. Nge2 Bg7 7. O-O O-O 8. d3 a6 9. h3 Nd7 10. Rb1 Nd4 11. Nxd4 cxd4 12. Ne2 a5 13. f4 Nc5 14. b3 f5 15. Bb2 e5 16. exf5 Bxf5 17. fxe5 dxe5 18. Ba3 Rc8 19. Bxc5 Rxc5 20. g4 Be6 21.
Rxf8+ Qxf8 22. Qf1 Qe7 23. Ng3 Bh6 24. Qf3 Be3+ 25.
Kh1 Rc7 26. Rf1 Bd7 27. Qf6 Bc6 28. Bxc6 bxc6 29. Ne4 a4 30. bxa4 Bf4 31. Qxe7 Rxe7 32. Rb1 Ra7 33. Nc5 Ra5 34. Rb8+ Kf7 35. Rb7+ Kf6 36.
Nd7+ Kg5 37. Nb6 Kh4 38. Rxh7+ Kg3 39. Kg1 e4 40. dxe4 d3 41. Kf1 d2 42. Ke2 Re5 43.
Rd7 Rxe4+ 44. Kd1 Re1+ 45. Kc2 Rc1+ 46. Kb2 d1=Q 47. Rxd1 Rxd1 48. a5 Be5+ 49. Kc2 Ra1 50.
a4 Ra2+ 51. Kd3 Ra3+ 52. Ke4 Bc3 53. a6 Rb3 54. a7 Rxb6 55. a8=Q Rb4 56. Qxc6 Kxh3 57. Kd3 Rb3 58. Qxg6 Bb4+ 59. Ke4 Rc3 60. Qh5+ Kg3 61. Kd5 Rd3+ 62. Kc6 Bd2 63. Kb5 Rb3+ 64. Kc6 Rc3 65. Qe5+ Kh3 66. Qd5 Be3 67. g5 Rc2 68. g6 Rc3 69. Qe6+ Kg3 70. g7 Bd4 71. g8=Q+ 1-0

[Event "Late-Titled-Tuesday-Blitz-March-12-2024"]
[Site "Chess.com"]
[Date "2024.03.12"]
[Round "6"]
[White "ITheOnlyME"]
[Black "SlavenPastar"]
[Result "1-0"]
[WhiteElo "2420"]
[BlackElo "2567"]
[TimeControl "180+1"]
[EndTime "15:07:15 PDT"]
[Termination "ITheOnlyME won on time"]

1. d4 b6 2. e4 Bb7 3. Bd3 Nf6 4. Nc3 e6 5. Bf4 Bb4 6. f3 c5 7. dxc5 O-O 8. Bd6 Re8 9. Ne2 bxc5 10. O-O a5 11. e5 Bxc3 12. Nxc3 Nd5 13. Nxd5 exd5 14. c4 dxc4 15. Bxc4 Qb6 16. b3 Nc6 17. f4 Nd4 18.
Qh5 g6 19. Bxf7+ Kg7 20. Qh3 Kxf7 21. Qxh7+ Ke6 22. Qxg6+ Kd5 23. Rfd1 Rg8 24. Qf7+ Kc6 25. Rxd4 Qb5 26. Rc4 Kb6 27. Bxc5+ Ka6 28. Qf6+ Bc6 29. g3 Raf8 30. Qd6 Rxf4 31. Rxf4 Qe2 32. Rf2 Qe4 33. Qxc6+ dxc6 34. Bd6 Rh8 35. Raf1 a4 36. Rf4 Qe3+ 37. R1f2 axb3 38. axb3 Ra8 39. Ra4+ Kb7 40. Rxa8 Kxa8 41. b4 Kb7 42. Kg2 Qe4+ 43. Kh3 Kb6 44. g4 Qe3+ 45. Kg2 Qe4+ 46. Rf3 Qxg4+ 47. Rg3 Qe4+ 48. Rf3 Kb5 49. h3 Qe2+ 50. Kg3 Qe4 51. Rf4 Qg6+ 52. Rg4 Qd3+ 53. Kh4 Qh7+ 54. Kg3 Qd3+ 55. Kg2 Qe2+ 56. Kg3 Qe3+ 57.
Kh4 Qh6+ 58. Kg3 Qe3+ 59. Kg2 Ka4 60. Rg3 Qe2+ 61. Kg1 Kb5 62. h4 Kc4 63. Rg2 Qf3 64.
Kh2 Kd5 65. Rd2+ Ke4 66. Rg2 Qf4+ 67. Kh1 Qxh4+ 68. Kg1 Qe1+ 69. Kh2 1-0

[Event "Late-Titled-Tuesday-Blitz-March-12-2024"]
[Site "Chess.com"]
[Date "2024.03.12"]
[Round "6"]
[White "ChainedDowntohell"]
[Black "egnfanclub"]
[Result "1-0"]
[WhiteElo "2540"]
[BlackElo "2382"]
[TimeControl "180+1"]
[EndTime "15:07:15 PDT"]
[Termination "ChainedDowntohell won on time"]

1. d4 d5 2. Nc3 Nf6 3. Bg5 Ne4 4. Nxe4 dxe4 5. e3 c6 6. c3 Qa5 7. Bh4 Nd7 8. Qc2 g5 9. Bg3 Nf6 10. Be5 Bf5 11. Ne2 Bg7 12. Ng3 e6 13. h4 h6 14.
Bc4 b5 15. Bb3 Rg8 16. hxg5 hxg5 17. O-O-O O-O-O 18. Nxf5 exf5 19. Bxf7 Rgf8 20. Be6+ Kb7 21. b4 Qa3+ 22. Qb2 Qxb2+ 23. Kxb2 f4 24. exf4 gxf4 25. Bxf4 Nd5 26. Bg3 Nf4 27. Bg4 Nd3+ 28. Rxd3 exd3 29. Rh7 Rf7 30. Be5 Rxf2+ 31. Kc1 d2+ 32. Kd1 Rh8 33. Rxh8 Bxh8 34. Bxh8 Rxg2 35. Be2 Rg1+ 36. Kxd2 Ra1 37. Be5 Rxa2+ 38. Kd3 a6 39. Bg4 a5 40. bxa5 Rxa5 41. Bd6 Ra1 42. Bb4 Rg1 43. Bf3 Rg3 44. Ke2 Kb6 45. Ke3 Rh3 46. Ke2 Rh2+ 47. Kd3 Rh3 48. Ke4 Rh4+ 49. Kf5 Rh3 50. Be4 Rh5+ 51. Ke6 Rh6+ 52.
Kd7 Rf6 53. Bc5+ Kb7 54. Bg2 Rg6 55. Be4 Rh6 56. Bg2 Rg6 57. Be4 Rh6 58. Bd3 Rf6 59.
Bh7 Rh6 60. Bg8 Rg6 61. Be6 Rg7+ 62. Kd6 Rg6 63. Ke5 Rh6 64. Bf7 Rh7 65. Be8 Rh6 66. Bb4 Kb6 67. Bc5+ Kc7 68. d5 cxd5 69. Bxb5 Rh5+ 70.
Kd4 Rg5 71. Ba4 Rh5 72. Be8 Rg5 73. Bf7 Rf5 74. Bxd5 Rg5 75. Be4 Rg4 76. Be7 1-0

[Event "Late-Titled-Tuesday-Blitz-March-12-2024"]
[Site "Chess.com"]
[Date "2024.03.12"]
[Round "6"]
[White "jefferyx"]
[Black "tptagain"]
[Result "1/2-1/2"]
[WhiteElo "3085"]
[BlackElo "2972"]
[TimeControl "180+1"]
[EndTime "15:07:16 PDT"]
[Termination "Game drawn - insufficient material"]

1. d4 Nf6 2. c4 b6 3. Nf3 Bb7 4. g3 c5 5. d5 b5 6. Nc3 b4 7.
Nb1 d6 8. Bg2 g6 9. O-O Bg7 10.
Nbd2 O-O 11. e4 Nbd7 12. Re1 a5 13. Nf1 a4 14. Rb1 Re8 15. Bf4 Nh5 16. Bd2 e6 17. a3 exd5 18. exd5 b3 19. Rxe8+ Qxe8 20. Ne3 Ba6 21. Qe1 Nhf6 22. Bc3 Nb6 23. Rc1 Qf8 24. Nd2 Re8 25. Qd1 Nfd7 26. h4 Bxc3 27. Rxc3 Nf6 28. Qf3 Qe7 29. Qf4 Qe5 30. Qxe5 Rxe5 31. g4 h5 32. f4 Re8 33. g5 Ng4 34. Nxg4 hxg4 35. Kf2 g3+ 36. Kf3 Re1 37. Bf1 Ra1 38. Bd3 g2 39. Kxg2 Ra2 40. Ne4 Rxb2+ 41. Kf3 Kf8 42. Nxd6 Ra2 43. Ne4 Rxa3 44. Nxc5 Bc8 45. d6 Ra1 46. Nxb3 Ra3 47. Bc2 axb3 48. Rxb3 Nxc4 49. Rxa3 Nxa3 50. Ba4 Bf5 51. Kg3 Nc4 52. d7 Ke7 53. Bd1 Bxd7 54. h5 gxh5 55. Bxh5 Bf5 56. Kf2 Nd6 57. Ke3 Bg6 58. Bg4 Nf5+ 59. Kf2 Kd6 60. Bd1 Kd5 61. Bc2 Kd4 62. Bb1 Ne3 63.
Ba2 Nd5 64. Kf3 Bf5 65. Bb3 Be6 66.
Bc2 Ne7 67. Bb1 Bf5 68. Ba2 Be6 69. Bb1 Nf5 70. Bc2 Kc3 71. Be4 Nd4+ 72. Ke3 Nf5+ 73.
Kf3 Kd2 74. Bb1 Bd5+ 75. Kg4 Ne3+ 76. Kh5 Ke2 77. f5 Kf3 78. g6 f6 79. g7 Kf4 80.
Kg6 Ke5 81. Kh7 Nxf5 82. g8=Q Bxg8+ 83. Kxg8 Nd6 84. Kg7 Ne4 85. Bxe4 Kxe4 86. Kxf6 1/2-1/2

[Event "Late-Titled-Tuesday-Blitz-March-12-2024"]
[Site "Chess.com"]
[Date "2024.03.12"]
[Round "6"]
[White "LeoWin2012"]
[Black "chess_blitz00"]
[Result "0-1"]
[WhiteElo "2201"]
[BlackElo "2454"]
[TimeControl "180+1"]
[EndTime "15:07:31 PDT"]
[Termination "chess_blitz00 won by checkmate"]

1. e4 d6 2. g3 c5 3. Bg2 Nc6 4. Ne2 g6 5. O-O Bg7 6. d3 e6 7. Nbc3 Nge7 8. f4 O-O 9. Be3 a6 10. Kh1 b5 11. Qe1 Nd4 12. Bxd4 cxd4 13. Nd1 Bb7 14.
g4 Rc8 15. Rc1 Qb6 16. f5 exf5 17. gxf5 gxf5 18. exf5 Bxg2+ 19. Kxg2 Qc6+ 20. Kg1 Bf6 21. c3 Kh8 22. Ng3 Rg8 23. Nf2 d5 24. Qe2 Nxf5 25. Ng4 Nxg3 26. hxg3 Bg7 27. Rxf7 Qg6 28. Rcf1 dxc3 29.
bxc3 Bxc3 30. R1f4 Rce8 31. Qc2 Be5 32. Rb4 d4 33.
Nxe5 Qxg3+ 34. Kf1 Qxe5 35. Qf2 Qg5 36. Qf6+ Qxf6+ 37. Rxf6 Ref8 38. Rxf8 Rxf8+ 39. Ke2 Rf4 40.
Rb1 h5 41. Rh1 h4 42. Rh3 Kh7 43. Kd2 Kh6 44. Ke2 Kh5 45. Rh1 Rf6 46. Rc1 Re6+ 47. Kf3 Re3+ 48. Kf4 Rxd3 49. Rc5+ Kg6 50. Rc6+ Kf7 51.
Rxa6 h3 52. Rh6 Ke7 53. Ke4 Ra3 54. Kxd4 Kf7 55. Kc5 Kg7 56. Rh4 Kg6 57. Kxb5 Kg5 58. Rh8 Kg4 59. Kb4 Rxa2 60. Rg8+ Kf3 61. Kc3 Re2 62.
Kd3 Re7 63. Rf8+ Kg2 64. Rg8+ Kh1 65. Rh8 h2 66. Kd2 Re5 67. Kd1 Kg2 68. Rg8+ Kf2 69.
Rf8+ Kg3 70. Rg8+ Kf3 71. Rh8 Kg3 72. Rg8+ Kf3 73. Rh8 Re2 74. Rh3+ Kg4 75. Kxe2 Kxh3 76. Kf2 h1=Q 77. Ke3 Qg2 78. Kd4 Qg3 79. Kc5 Kg2 80. Kc6 Qf3+ 81. Kb6 Kf2 82. Kc7 Qe3 83. Kb7 Qc5 84. Ka6 Qb4 85. Ka7 Qb5 86. Ka8 Ke3 87. Ka7 Kd4 88. Ka8 Kd5 89. Ka7 Kc6 90. Ka8 Qb7# 0-1

[Event "Late-Titled-Tuesday-Blitz-March-12-2024"]
[Site "Chess.com"]
[Date "2024.03.12"]
[Round "6"]
[White "ncofre98"]
[Black "ameetghasi100"]
[Result "1/2-1/2"]
[WhiteElo "2614"]
[BlackElo "2799"]
[TimeControl "180+1"]
[EndTime "15:07:34 PDT"]
[Termination "Game drawn by repetition"]

1. c4 g6 2. g3 Bg7 3. Bg2 Nf6 4.
Nc3 O-O 5. e4 c5 6. Nge2 Nc6 7.
O-O d6 8. d3 a6 9. a4 Rb8 10.
h3 Ne8 11. Be3 Nd4 12. Rb1 b6 13. b4 Bd7 14. Qd2 Nc7 15. Nf4 e6 16. Kh2 Nc6 17. b5 axb5 18. axb5 Nd4 19. Nce2 e5 20. Bxd4 cxd4 21.
Nd5 Ne6 22. Ra1 Rb7 23. Ra3 Nc5 24. Nc1 Be6 25. Nb3 Nd7 26. Nb4 h5 27. h4 Kh7 28. Nc6 Qc7 29. Rfa1 Bh6 30. Qe2 Nf6 31. Ra7 Bc8 32. Bh3 Ng4+ 33. Bxg4 Bxg4 34. f3 Bc8 35. Rxb7 Bxb7 36. Ra7 Ra8 37. Qa2 Rc8 38. Na1 f5 39. Qe2 Qf7 40. Nc2 Rc7 41. N2b4 Bc8 42. Rxc7 Qxc7 43. Nd5 Qb7 44. Qa2 fxe4 45. fxe4 Bd7 46. Nf6+ Kg7 47. Nxd7 Qxd7 48. Qa7 Qf7 49. Qxf7+ Kxf7 50.
Nb4 Bd2 51. Nd5 Ba5 52. Kg2 Ke6 53. Kf3 Kf7 54. Nc7 Bb4 55. Nd5 Bc5 56. Nc7 Kf6 57. Ne8+ Kf7 58. Nc7 Kf6 59. Na6 Kf7 60. g4 Kf6 61. gxh5 gxh5 62. Kg3 Kf7 63. Kh3 Ba3 64.
Nb8 Ke6 65. Nc6 Kd7 66. Kg3 Ke6 67. Kf3 Kd7 68. Kg2 Ke6 69. Kf2 Kd7 70. Ke2 Ke6 71.
Kd1 Kd7 72. Kc2 Bc5 73. Kb2 Ke6 74. Kb3 Kd7 75. Ka4 Ke6 76. Nb8 Ke7 77. Na6 Kd7 78. Kb3 Ke6 79. Nb4 Bxb4 80. Kxb4 Kd7 81. Kb3 Ke6 82. Kc2 Kd7 83. Kd2 Ke6 84. Ke2 Kd7 85.
Kf2 Ke6 86. Ke2 Kd7 87. Kf2 Ke6 88. Ke2 1/2-1/2